 Dungeon Crawl Stone Soup version 0.30-a0-743-gbfdf073431 (webtiles) character file.

Game seed: 14783631905894262936

4307 experimilk the Destroyer (level 10, 44/69 HPs)
             Began as a Red Draconian Conjurer on Feb 6, 2023.
             Was a Believer of Vehumet.
             Quit the game on level 8 of the Dungeon on June 23, 2023.
             The game lasted 00:20:43 (11103 turns).

experimilk the Destroyer (Red Draconian Conjurer)  Turns: 11103, Time: 00:20:44

Health: 44/69      AC: 11    Str: 10    XL:     10   Next: 11%
Magic:  12/15      EV: 12    Int: 22    God:    Vehumet [**....]
Gold:   156        SH:  0    Dex: 10    Spells: 3/15 levels left

rFire   + . .      SeeInvis .    c - +5 long sword
rCold   . . .      Faith    .    (no shield)
rNeg    . . .      Spirit   .    (body armour unavailable)
rPois   .          Reflect  .    (helmet restricted)
rElec   .          Harm     .    y - +0 cloak
rCorr   .          Rampage  .    v - +1 pair of gloves {hurl}
Will    .....                    w - +0 pair of boots
Stlth   ++                       a - amulet of regeneration
HPRegen 1.11/turn                (no ring)
MPRegen 0.14/turn                (no ring)

@: no status effects
A: breathe fire, AC +7, unfitting armour, fire resistance 1, cold-blooded
a: Breathe Fire, Renounce Religion


You were on level 8 of the Dungeon.
You worshipped Vehumet.
Vehumet was pleased with you.
You visited 2 branches of the dungeon, and saw 9 of its levels.
You also visited: Ossuary.

You collected 336 gold pieces.
You spent 180 gold pieces at shops.

Inventory:

Hand Weapons
 c - a +5 long sword (weapon)
 l - a +0 short sword
Missiles
 e - 2 throwing nets
Armour
 b - a +0 pair of gloves
 v - a +1 pair of gloves of hurling (worn)
 w - a +0 pair of boots (worn)
 y - a +0 cloak (worn)
Jewellery
 a - an amulet of regeneration (around neck)
 g - a ring of ice
 B - a ring of fire
 C - a ring of willpower
Scrolls
 i - 2 scrolls of poison
 j - 5 scrolls of vulnerability {unknown}
 m - 3 scrolls of fear
 n - 5 scrolls of enchant weapon {unknown}
 o - 7 scrolls of teleportation
 q - a scroll of brand weapon {unknown}
 r - 2 scrolls of fog
 s - 2 scrolls of magic mapping {unknown}
 x - a scroll of silence {unknown}
 z - 2 scrolls of torment
 D - 6 scrolls of identify
 E - a scroll of immolation {unknown}
 F - a scroll of amnesia {unknown}
Potions
 d - a potion of brilliance
 f - a potion of berserk rage
 h - a potion of haste
 k - 5 potions of flight
 p - 4 potions of curing
 t - a potion of mutation
 u - a potion of ambrosia {unknown}
 A - a potion of lignification {unknown}


   Skills:
 - Level 3.3 Dodging
 - Level 3.5 Stealth
 - Level 3.4 Spellcasting
 + Level 12.3 Conjurations
 - Level 7.0 Translocations


You had 3 spell levels left.
You knew the following spells:

 Your Spells              Type           Power      Damage    Failure   Level
a - Magic Dart            Conj           100%       1d8       1%          1
b - Foxfire               Conj/Fire      100%       2x1d9     1%          1
f - Blink                 Tloc           68%        N/A       1%          2
v - Momentum Strike       Conj/Tloc      92%        3d10      1%          2
x - Iskenderun's Mystic   Conj/Tloc      46%        2d10      2%          4
z - Searing Ray           Conj           100%       2d8       1%          2

Your spell library contained the following spells:

 Spells                   Type           Power      Damage    Failure   Level
 Lesser Beckoning         Tloc           68%        N/A       1%          2
 Dazzling Flash           Conj/Hex       60%        N/A       2%          3
 Kindle Blastsparks       Fire/Tloc/Air  28%        2d12      14%         3
 Ignite Poison            Fire/Tmut/Pois 3%         N/A       34%         3
 Fulminant Prism          Conj/Hex       15%        3d11      10%         4
 Freezing Cloud           Conj/Ice/Air   10%        6-21      52%         5


Dungeon Overview and Level Annotations

Branches:
Dungeon (8/15)             Temple (1/1) D:6         Ossuary (visited)
   Lair: D:8-11

Altars:
Cheibriados
Elyvilon
Kikubaaqudgha
Makhleb
Nemelex Xobeh
Okawaru
Sif Muna
Uskayaw
Vehumet
Wu Jian
Yredelemnul
Zin
The Shining One

Shops:
D:2 *   D:7 :


Innate Abilities, Weirdness & Mutations

You can breathe blasts of fire.
Your fiery red scales are hard. (AC +7)
You cannot fit into any form of body armour.
Your flesh is heat resistant. (rF+)
You are cold-blooded and may be slowed by cold attacks.


Message History

Things that are here:
a +0 club; 7 stones
Things that are here:
a +0 club; 4 stones
Items here: )) ††.
Found a stone staircase leading up.
An orc warrior and 2 orcs come into view.
An orc is wielding a +2 falchion of holy wrath.
There is a stone staircase leading up here.
An orc wizard comes into view. It is wielding a +0 dagger.
Casting: Foxfire (safe; 1% risk of failure)
Confirm with . or Enter, or press ? or * to list all spells.
Aiming: Searing Ray (safe; 1% risk of failure)
Press: ? - help, Shift-Dir - straight line, f - orc
Aim: an orc, wielding a +2 falchion of holy wrath and wearing a +0 ring mail (asleep, 100% to hit)
The searing ray hits the orc!
You kill the orc!
Vehumet accepts your kill.
You feel your power returning. (Press . to maintain the ray.)
The orc warrior shouts!
The orc shouts!
The searing ray hits the orc!
You kill the orc!
Vehumet accepts your kill.
You feel your power returning.
The orc wizard shouts!
The orc warrior unwields a +0 dire flail.
The orc warrior wields a +0 arbalest.
The orc warrior shoots a bolt.
The bolt hits you!
The orc warrior shoots a bolt.
The bolt barely misses you.
You hear a shout!
You finish channelling your searing ray.
You hear a shout!
The orc warrior shoots a bolt.
The bolt misses you.
You hear a shout!
The orc warrior shoots a bolt.
The bolt hits you!!
Welcome back, experimilk the Red Draconian Conjurer.
Vehumet says: Let it end in hellfire!
Press ? for a list of commands and other information.
Are you sure you want to abandon this character and quit the game? (Confirm with "yes".)

##...## #+#
#.# ...#..#
#.# ##...##
#.# ###.#.+
+.###.#
......#
#.....#
###.###
#####.#
#..# #.#
#..#
.#######<#
#..# #
.oo)[..@.#
#..#.#
.#########
#..#.# #
###..#.##.#
..........#
.......##.#
###..###
#..# #..#


You could see an orc warrior and an orc wizard.

Vanquished Creatures
  A vampire (D:8)
  Eustachio (D:5)
  3 steam dragons
  A water moccasin (D:6)
  Duvessa (D:7)
  A black bear (D:6)
  A sky beast (D:6)
  An orc warrior (D:7)
  3 ice beasts
  3 centaurs
  2 ogres
  A phantom (D:5)
  A kobold brigand (D:8)
  A bullfrog (D:7)
  Blork the orc (D:6)
  12 scorpions
  7 wights
  Dowan (D:7)
  3 killer bees (D:7)
  A howler monkey (D:6)
  2 centaur zombies (Ossuary)
  A gnoll bouda (D:6)
  2 human zombies (Ossuary)
  An orc priest (D:4)
  3 jellies
  4 hounds
  3 orc wizards
  Jessica (D:2)
  2 iguanas (D:6)
  3 scorpion zombies (Ossuary)
  4 mummies
  4 gnolls (D:6)
  9 adders
  A shadow imp (D:6)
  2 ufetubi
  2 worms
  16 orcs
  9 bats
  5 endoplasms
  2 giant cockroaches
  7 goblins
  6 hobgoblins
  9 jackals (D:1)
  6 quokkas
  5 ball pythons
  5 frilled lizards
  3 gnoll zombies (Ossuary)
  A goblin zombie (Ossuary)
  2 hobgoblin zombies (Ossuary)
  11 kobolds
  A kobold zombie (Ossuary)
  5 orc zombies
  6 rats
189 creatures vanquished.

Vanquished Creatures (others)
  An orc wizard (D:7)
  154 foxfires
155 creatures vanquished.

Grand Total: 344 creatures vanquished

Notes
Turn   | Place    | Note
-------+----------+-------------------------------------------
     0 | D:1      | experimilk the Draconian Conjurer began the quest for the
                  | Orb.
     0 | D:1      | Reached XP level 1. HP: 14/14 MP: 3/3
    89 | D:1      | Reached XP level 2. HP: 8/20 MP: 1/5
   135 | D:1      | Learned a level 2 spell: Searing Ray
   735 | D:1      | Reached XP level 3. HP: 22/26 MP: 0/6
   999 | D:1      | Found a faded altar of an unknown god.
  1324 | D:2      | Noticed Jessica
  1328 | D:2      | Killed Jessica
  1496 | D:2      | Reached XP level 4. HP: 33/33 MP: 1/7
  2342 | D:2      | Found Gutalamu's General Store.
  2961 | D:3      | You fall into a shaft and drop 2 floors!
  2961 | D:5      | Entered Level 5 of the Dungeon
  3135 | D:3      | Reached XP level 5. HP: 38/38 MP: 0/9
  3716 | D:4      | Reached skill level 5 in Conjurations
  3947 | D:4      | Reached XP level 6. HP: 41/45 MP: 1/11
  3947 | D:4      | Identified the +7 dagger "Daopoo" {drain, rElec rF- rC+
                  | rCorr}
  4736 | D:5      | Reached skill level 6 in Conjurations
  4884 | D:5      | Found a sparkling altar of Nemelex Xobeh.
  4889 | D:5      | Found a glowing silver altar of Zin.
  4928 | D:5      | Your scales start taking on a fiery red colour.
  4928 | D:5      | Reached XP level 7. HP: 50/50 MP: 7/12
  4928 | D:5      | Gained mutation: Your flesh is heat resistant. (rF+) [Red
                  | Draconian growth]
  4974 | D:5      | Reached skill level 7 in Conjurations
  5437 | D:6      | Reached skill level 8 in Conjurations
  5636 | D:5      | Found a snail-covered altar of Cheibriados.
  5710 | D:5      | Noticed Eustachio
  5720 | D:5      | Killed Eustachio
  5721 | D:5      | Reached XP level 8. HP: 51/57 MP: 6/13
  6189 | D:5      | Reached skill level 9 in Conjurations
  6629 | D:6      | Reached skill level 10 in Conjurations
  6819 | D:6      | Noticed Blork the orc
  6825 | D:6      | Killed Blork the orc
  7456 | D:6      | Found a staircase to the Ecumenical Temple.
  7465 | Temple   | Entered the Ecumenical Temple
  7518 | Temple   | Became a worshipper of Vehumet
  7735 | D:2      | Bought a book of Spatial Translocations for 180 gold pieces
  7738 | D:2      | Learned a level 2 spell: Momentum Strike
  7743 | D:2      | Learned a level 4 spell: Iskenderun's Mystic Blast
  7746 | D:2      | Learned a level 2 spell: Blink
  7951 | D:7      | Reached skill level 1 in Translocations
  8094 | D:7      | Reached skill level 11 in Conjurations
  8094 | D:7      | Reached XP level 9. HP: 62/62 MP: 8/14
  8558 | D:7      | Found a hide-covered altar of Uskayaw.
  8649 | D:7      | Reached skill level 5 in Translocations
  8724 | D:7      | Identified the +4 dagger "Hydraslayer" {heavy, rElec Dex+6}
  8785 | D:7      | Noticed Duvessa
  8785 | D:7      | Noticed Dowan
  8789 | D:7      | Killed Duvessa
  8795 | D:7      | Killed Dowan
  9159 | D:7      | Found Fieteh's Book Shoppe.
  9280 | D:7      | Found a white marble altar of Elyvilon.
  9503 | D:8      | Reached * piety under Vehumet
  9503 | D:8      | Offered knowledge of Foxfire by Vehumet.
  9506 | D:8      | Learned a level 1 spell: Foxfire
  9790 | D:8      | Found a sand-covered staircase.
  9797 | Ossuary  | Entered an ossuary
 10530 | Ossuary  | Reached XP level 10. HP: 69/69 MP: 7/15
 10534 | Ossuary  | Reached skill level 12 in Conjurations
 11099 | D:8      | Reached ** piety under Vehumet
 11103 | D:8      | Quit the game

Illustrated notes

Levels and vault maps discovered:
D:1:      elethiomel_arrival_shortcut, layout_rooms,
          ebering_ecumenical_altar_mist
D:2:      layout_loops_ring, serial_shops, nicolae_shop_window_shopping,
          kennysheep_path_1, kennysheep_potato, uniq_jessica
D:3:      layout_rooms
D:4:      layout_loops_ring
D:5:      layout_basic, grunt_temple_overflow_open, slow_altar_1, minivault_26,
          st_stairs_12, minmay_misc_feat_ornament, nicolae_zen_rock_garden,
          uniq_eustachio
D:6:      layout_basic, lemuel_temple_firewalk_b, st_stairs_14,
          kennysheep_flooded_box, dreamdust_princess_corridor,
          uniq_blork_the_orc
D:7:      layout_basic, elyvilon_altar_1, nicolae_uskayaw_dance_hall,
          serial_shops, nicolae_shop_stone, minivault_23, uniq_duvessa
D:8:      layout_loops_ring, kennysheep_little_box, nicolae_ossuary_entry_giza
Temple:   regret_index_temple_sphere_string

Skill      XL: |  1  2  3  4  5  6  7  8  9 10 |
---------------+-------------------------------+-----
Dodging        | 2 3 |  3.3
Stealth        | 2 3 |  3.5
Spellcasting   | 3 |  3.4
Conjurations   | 5 6 8 11 12 | 12.3
Translocations | 1 7 |  7.0

Action                     |  1- 3 |  4- 6 |  7- 9 | 10-12 || total
---------------------------+-------+-------+-------+-------++-------
  Melee: Whip              |    68 |       |       |       ||    68
         Tailslap          |     4 |     2 |       |       ||     6
         Unarmed           |     1 |       |       |       ||     1
         Short sword       |       |    22 |       |       ||    22
         Long sword        |       |       |     9 |       ||     9
         Punch             |       |       |     1 |       ||     1
   Cast: Magic Dart        |    38 |    65 |    44 |       ||   147
         Searing Ray       |    10 |    29 |    48 |     2 ||    89
         Foxfire           |       |       |    42 |    47 ||    89
         Momentum Strike   |       |       |    11 |       ||    11
         Iskenderun's Myst |       |       |     6 |       ||     6
Ability: Breathe Fire      |       |       |    25 |       ||    25
    Use: Potion            |     1 |       |       |       ||     1
         Scroll            |       |     7 |     7 |       ||    14
 Armour: Skin              |    35 |    18 |    33 |     1 ||    87
  Dodge: Dodged            |    70 |    24 |    30 |     3 ||   127

Table legend: (Time is in decaauts)
 A = Elapsed time spent in this place.
 B = Non-inter-level travel time spent in this place.
 C = Inter-level travel time spent in this place.
 D = Time resting spent in this place.
 E = Time spent auto-exploring this place.
 F = Levels seen in this place.
 G = Mean time per level.
                   A        B        C        D        E       F      G
               +--------+--------+--------+--------+--------+-----+--------+
         Total |  11117 |  10545 |    572 |   1906 |   7297 |  10 | 1111.7 |
       Dungeon |   9899 |   9351 |    548 |   1725 |   6493 |   8 | 1237.4 |
        Temple |     78 |     54 |     24 |      0 |     40 |   1 |   78.0 |
       Ossuary |   1139 |   1139 |      0 |    181 |    764 |   1 | 1139.0 |
               +--------+--------+--------+--------+--------+-----+--------+

Top non-repeatable levels by time:
     D:2: 1569 daAuts
     D:7: 1505 daAuts
     D:5: 1463 daAuts
     D:6: 1439 daAuts
     D:1: 1359 daAuts
 Ossuary: 1139 daAuts
     D:4: 1063 daAuts
     D:3: 978 daAuts
     D:8: 520 daAuts
  Temple: 78 daAuts
